AoeStats
← MattAtArms

Arabia

507462950Analyzed
1v1 RM · 14d ago on Sep 18, 2026· 37m 33s· 2 players
Game mode
Random Map
Map size
Tiny (2 player)
Population
200
Speed
Normal
Resources
Standard
Victory
Conquest
Starting age
Dark Age
Ending age
Imperial Age
RankedLock teamsTeams togetherTeam positionsShared explorationLock speedFull tech treeHidden civsTurbo modeCheats
Victory
Defeat
🇨🇳 Poles · China
2039
+9
🇬🇧 Chinese · United Kingdom
1874
-9
MattAtArms
0:25 Loom
8:05 Feudal Age
8:39 Double-Bit Axe
10:50 Horse Collar
20:03 Castle Age
18:19 Gold Mining
20:02 Padded Archer Armor
19:55 Fletching
21:14 Bodkin Arrow
20:44 Crossbowman
23:22 Bow Saw
28:36 Ballistics
29:14 Leather Archer Armor
29:26 Pikeman
31:44 Scale Mail Armor
32:48 Forging
35:07 Wheelbarrow
冥想控
8:31 Feudal Age
7:57 Loom
9:01 Double-Bit Axe
14:05 Horse Collar
22:20 Castle Age
21:18 Bloodlines
21:30 Scale Barding Armor
21:50 Forging
22:38 Light Cavalry
23:27 Heavy Plow
23:21 Town Watch
24:12 Chain Barding Armor
24:43 Husbandry
24:54 Bow Saw
26:43 Wheelbarrow
27:47 Iron Casting
29:37 Hand Cart
35:28 Szlachta Privileges
37:55 Stone Mining
37:56 Gold Mining
Connection lost

Rejoining the realm…

Still unreachable

The connection could not be restored.

Session expired

The server has moved on; the page needs a fresh start.